 Dungeon Crawl Stone Soup version 0.26-a0-1181-gd376ed14c5 (webtiles) character file.

Game seed: 4682895649494219811

22 Azzok the Chopper (level 2, -2/36 HPs)
             Began as a Demonspawn Berserker on Dec 26, 2020.
             Was a Follower of Trog.
             Slain by Natasha (6 damage)
             ... on level 2 of the Dungeon.
             The game lasted 00:00:59 (764 turns).

Azzok the Chopper (Demonspawn Berserker)             Turns: 764, Time: 00:01:00

Health: -2/36      AC:  3    Str: 17    XL:     2   Next: 68%
Magic:  2/2        EV: 12    Int:  8    God:    Trog [*.....]
Gold:   68         SH:  0    Dex: 12    Spells: 1/1 levels left

rFire    . . .     SeeInvis .   a - +0 hand axe
rCold    . . .     Faith    .   (no shield)
rNeg     + . .     Spirit   .   f - +0 leather armour
rPois    .         Reflect  .   (no helmet)
rElec    .         Harm     .   (no cloak)
rCorr    .         Rampage  .   (no gloves)
Will     .....                  (no boots)
Stlth    ..........             (no amulet)
HPRegen  0.12/turn              d - ring of flight
MPRegen  0.08/turn              e - ring of positive energy

@: berserking, very quick
A: powered by death 1
a: Renounce Religion, Evoke Flight, Berserk


You were on level 2 of the Dungeon.
You worshipped Trog.
Trog was aware of your devotion.
You visited 1 branch of the dungeon, and saw 2 of its levels.

You collected 68 gold pieces.

Inventory:

Hand Weapons
 a - a +0 hand axe (weapon)
Armour
 f - a +0 leather armour (worn)
Jewellery
 d - a ring of flight (left hand)
 e - a ring of positive energy (right hand)
Scrolls
 b - a scroll of immolation {unknown}
 c - a scroll of identify {unknown}
 g - a scroll of remove curse {unknown}


   Skills:
 - Level 3.0 Fighting
 + Level 3.6 Axes
 - Level 1.7 Armour
 - Level 1.7 Dodging


You had one spell level left.
You didn't know any spells.
Your spell library was empty.

Dungeon Overview and Level Annotations

Branches:
Dungeon (2/15)

Altars:

Annotations:
D:2 Natasha


Innate Abilities, Weirdness & Mutations

You regenerate a little health from kills.


Message History

Natasha is lightly wounded.
Natasha growls.
Natasha claws you!
A red film seems to cover your vision as you go berserk!
You feel yourself moving faster!
You feel mighty! Natasha claws you.
You hit Natasha.
Natasha is heavily wounded.
Natasha casts a spell at you. The magic dart hits you!
* * * LOW HITPOINT WARNING * * *
You closely miss Natasha.
Natasha is heavily wounded.
You slash Natasha!
Natasha is almost dead.
Natasha claws you!
* * * LOW HITPOINT WARNING * * *
You barely miss Natasha.
Natasha is almost dead.
Natasha claws you.
You die...

▒▒▒ ···
▒·▒ ▒)▒
▒·▒ ▒·▒
▒<▒ ▒@▒
▒h▒ ···
·····
▒▒▒····
▒·▒···
▒·▒▒···
▒·▒
▒▒▒·


You could see Natasha.

Vanquished Creatures
  6 goblins (D:1)
  3 hobgoblins (D:1)
  A ball python (D:1)
  4 bats (D:1)
  3 frilled lizards (D:1)
  3 kobolds (D:1)
  2 rats (D:1)
22 creatures vanquished.

Notes
Turn   | Place    | Note
-------+----------+-------------------------------------------
     0 | D:1      | Azzok the Demonspawn Berserker began the quest for the Orb.
     0 | D:1      | Reached XP level 1. HP: 18/18 MP: 1/1
   343 | D:1      | Gained mutation: You regenerate a little health from kills.
                  | [demonic ancestry]
   343 | D:1      | Reached XP level 2. HP: 21/24 MP: 2/2
   755 | D:2      | Noticed Natasha
   764 | D:2      | Slain by Natasha

Illustrated notes

Levels and vault maps discovered:
D:1:      dpeg_arrival_court, layout_basic
D:2:      layout_loops_ring, makhleb_grotto_becter, uniq_natasha

Skill      XL: |  1 |
---------------+----+-----
Axes           | 3 |  3.6
Fighting       | |  3.0
Armour         | |  1.7
Dodging        | |  1.7

Action                   || total
-------------------------++-------
Melee: Hand axe          ||    71
Invok: Berserk           ||     1
Armor: Leather armour    ||    20
Dodge: Dodged            ||    57

Table legend: (Time is in decaauts)
 A = Elapsed time spent in this place.
 B = Non-inter-level travel time spent in this place.
 C = Inter-level travel time spent in this place.
 D = Time resting spent in this place.
 E = Time spent auto-exploring this place.
 F = Levels seen in this place.
 G = Mean time per level.
                   A        B        C        D        E       F      G
               +--------+--------+--------+--------+--------+-----+--------+
         Total |    771 |    756 |     15 |      0 |    568 |   2 |  385.5 |
       Dungeon |    771 |    756 |     15 |      0 |    568 |   2 |  385.5 |
               +--------+--------+--------+--------+--------+-----+--------+

Top non-repeatable levels by time:
     D:1: 763 daAuts
     D:2: 8 daAuts
